 Dungeon Crawl Stone Soup version 0.28.0 (webtiles) character file.

Game seed: 7447173556030710965

15507 Colgate the Fighter (level 12, -38/61 HPs)
             Began as a Felid Summoner on Feb 10, 2022.
             Was an Initiate of Gozag.
             Annihilated by a minotaur (49 damage)
             ... in a Gauntlet.
             The game lasted 02:51:13 (25050 turns).

Colgate the Fighter (Felid Summoner)               Turns: 25050, Time: 02:51:13

Health: -38/61     AC:  3    Str:  4    XL:     12   Next: 1%
Magic:  3/35       EV: 23    Int: 22    God:    Gozag
Gold:   1589       SH:  0    Dex: 16    Spells: 1/29 levels left
                                        Lives:  0   Deaths: 3

rFire   . . .      SeeInvis +   (weapon unavailable)
rCold   + . .      Faith    .   (shield unavailable)
rNeg    . . .      Spirit   .   (armour unavailable)
rPois   .          Reflect  .   (helmet unavailable)
rElec   .          Harm     .   (cloak unavailable)
rCorr   .          Rampage  .   (gloves unavailable)
Will    +....      NoTele   +   (boots unavailable)
Stlth   ++........              w - amulet of magic regeneration
HPRegen 0.20/turn               I - ring of wizardry
MPRegen 0.64/turn               i - ring of magical power

@: quick
A: very small, claws 1, fangs 3, see invisible, speed 1, shaggy fur 3, stealthy
paws, no weapons or thrown items, no armour, multi-lived
a: Renounce Religion, Potion Petition, Call Merchant, Bribe Branch


You were in a Gauntlet.
You worshipped Gozag.
Gozag was most pleased with you.
You visited 2 branches of the dungeon, and saw 14 of its levels.
You also visited: Ossuary, Gauntlet, Ice Cave and Volcano.

You collected 2764 gold pieces.
You spent 544 gold pieces at shops.
You paid 631 gold pieces to Gozag.

Inventory:

Jewellery
 e - a ring of poison resistance
 i - a ring of magical power (right paw)
 s - a ring of willpower
 w - an amulet of magic regeneration (around neck)
 x - a +4 ring of protection
 G - a ring of ice
 I - a ring of wizardry (left paw)
 K - a ring of willpower
Wands
 k - a wand of flame (27)
 m - a wand of iceblast (17)
 n - a wand of acid (25)
 o - a wand of charming (22)
 D - a wand of digging (7)
Scrolls
 a - a scroll of magic mapping
 b - 5 scrolls of teleportation
 j - 2 scrolls of fog
 E - a scroll of fear
Potions
 c - 9 potions of curing
 d - 2 potions of flight
 g - 2 potions of berserk rage
 h - 3 potions of heal wounds
 l - 3 potions of cancellation
 r - 2 potions of mutation
 t - 4 potions of magic
 z - 3 potions of brilliance


   Skills:
 - Level 12.1 Fighting
 + Level 10.1 Dodging
 - Level 2.6 Stealth
 - Level 9.0 Spellcasting
 - Level 8.3 Hexes
 - Level 10.0 Summonings
 - Level 10.0 Translocations
 - Level 6.2 Air Magic


You had one spell level left.
You knew the following spells:

 Your Spells              Type           Power      Damage    Failure   Level
a - Summon Lightning Spi  Summ/Air       45%        N/A       1%          4
b - Call Imp              Summ           52%        N/A       1%          2
c - Anguish               Hex/Necr       14%        N/A       4%          4
d - Summon Guardian Gole  Hex/Summ       50%        N/A       1%          3
e - Summon Mana Viper     Hex/Summ       50%        N/A       1%          5
f - Apportation           Tloc           100%       N/A       1%          1
g - Swiftness             Air            37%        N/A       1%          3
h - Dispersal             Tloc           26%        N/A       7%          6

Your spell library contained the following spells:

 Spells                   Type           Power      Damage    Failure   Level
 Summon Small Mammal      Summ           100%       N/A       1%          1
 Animate Skeleton         Necr           18%        N/A       2%          1
 Sting                    Tmut/Pois      36%        1d4       2%          1
 Ensorcelled Hibernation  Hex/Ice        56%        N/A       1%          2
 Poisonous Vapours        Pois/Air       46%        N/A       1%          2
 Call Canine Familiar     Summ           52%        N/A       1%          3
 Dazzling Flash           Conj/Hex       56%        N/A       1%          3
 Gell's Gravitas          Tloc           52%        N/A       1%          3
 Teleport Other           Tloc           52%        N/A       1%          3
 Cause Fear               Hex            23%        N/A       1%          4
 Passwall                 Tmut/Erth      7%         N/A       4%          2
 Spider Form              Tmut/Pois      9%         N/A       9%          3
 Metabolic Englaciation   Hex/Ice        14%        N/A       13%         5
 Olgreb's Toxic Radiance  Pois           9%         N/A       26%         4
 Sticky Flame             Conj/Fire      9%         2d3       26%         4
 Simulacrum               Ice/Necr       4%         N/A       98%         6


Dungeon Overview and Level Annotations

Branches:
Dungeon (12/15)            Temple (0/1) D:6            Lair (2/6) D:8
    Orc (0/2) D:9         Ossuary (visited)           IceCv (visited)
Volcano (visited)         Gauntlet (1/1)
  Swamp: Lair:2-4    Shoals: Lair:2-4     Snake: Lair:2-4    Spider: Lair:2-4

Altars:
Gozag
Trog
Xom

Shops:
D:8 :   D:10 [

Annotations:
Gauntlet 9 transporters, exclusion: ice statue


Innate Abilities, Weirdness & Mutations

You have sharp claws.
You have razor-sharp teeth.
You have supernaturally acute eyesight. (SInv)
You cover ground quickly. (Speed+)
Your thick and shaggy fur keeps you warm. (AC +3, rC+)
Your paws help you pounce on unaware monsters.
You are incapable of wielding weapons or throwing items.
You cannot wear armour.
You gain extra lives every three experience levels.


Message History

Ouch! That really hurt!
* * * LOW HITPOINT WARNING * * *
The minotaur barely misses you.
The minotaur is engulfed in blazing flames.
Your guardian golem is engulfed in blazing flames.
Your guardian golem disappears in a puff of smoke!
Your guardian golem explodes!
The minotaur barely misses you. The minotaur completely misses you.
Casting: Summon Lightning Spire (dangerous; 1% risk of failure)
Confirm with . or Enter, or press ? or * to list all spells.
The spell is quite dangerous to miscast (7% risk of failure)!
Continue anyway?
Casting: Dispersal (quite dangerous; 7% risk of failure)
Press: ? - help, Dir - look around, f - activate The minotaur blinks!
Your lightning spire shoots out a bolt of lightning at the minotaur!
The bolt of electricity hits the minotaur!
Casting: Dispersal (quite dangerous; 7% risk of failure)
Confirm with . or Enter, or press ? or * to list all spells.
A guardian golem appears, shielding your allies.
Your lightning spire shoots out a bolt of lightning at the minotaur!
The bolt of electricity hits the minotaur!
The minotaur hits your lightning spire with a +0 rapier of speed!
The minotaur gores your lightning spire!
The minotaur hits your lightning spire with a +0 rapier of speed!!!
Your lightning spire is destroyed!
Your lightning spire disappears in a puff of smoke!
Unknown command.
Casting: Summon Guardian Golem (safe; 1% risk of failure)
Confirm with . or Enter, or press ? or * to list all spells.
You don't have enough magic to cast this spell.
Casting: Summon Guardian Golem (safe; 1% risk of failure)
Confirm with . or Enter, or press ? or * to list all spells.
A beastly little devil appears in a puff of flame.
The minotaur bellows!
Your guardian golem is engulfed in blazing flames.
Your guardian golem overheats!
The minotaur hits you with a +0 rapier of speed!!!
Ouch! That really hurt!
You die...
Your body crumbles into a pile of gold.

#≈...............≈#
#≈≈..8©8©8©8©8©8..≈≈#
##≈...............≈##
#########.#########
#.......#
###########.#
#..§§.#.....#
#9###.###.#.# #@##
.⌠##.#.# #H5#
∩.#..#.# ##§#
.⌠#.##.# #.#####.#..#
#.......#.##
#########


You could see a minotaur (berserk, ally target), a friendly guardian golem
(summoned, inner flame) and a friendly crimson imp (summoned, sheltered).

Vanquished Creatures
  2 nameless horrors
  A rat (D:3)
3 creatures vanquished.

Vanquished Creatures (collateral kills)
  A reaper (IceCv)
  The ghost of DasRunzen the Thaumaturge, a journeyman DjFE of Okawaru (Lair:1)
  2 boulder beetles
  A two-headed ogre (D:12)
  A centaur warrior (D:9)
  The ghost of mfcas the Arsonist, a journeyman OpFE of Vehumet (Lair:1)
  A hell knight (Volcano)
  3 salamanders (Volcano)
  3 cane toads
  2 molten gargoyles (Volcano)
  2 ice statues (IceCv)
  A gargoyle (D:10)
  An unseen horror (D:5)
  A tengu conjurer (D:11)
  A freezing wraith (IceCv)
  2 komodo dragons (Lair:1)
  2 anaconda simulacra (IceCv)
  An ice devil (IceCv)
  5 trolls (D:12)
  Prince Ribbit (D:8)
  3 blink frogs (Lair:2)
  The ghost of grizmgrazm2 the Chiller, an amateur DEIE (D:6)
  A shadow (D:11)
  A vampire (D:9)
  2 fire bats (Volcano)
  2 wyverns
  5 yaks
  2 steam dragons
  A harpy simulacrum (IceCv)
  2 swamp worms (D:8)
  A death yak simulacrum (IceCv)
  2 acid dragons
  9 water moccasins
  An orc warrior (D:11)
  2 black bears (D:8)
  2 ogres
  6 wolves
  4 centaurs
  A phantom (D:5)
  A kobold brigand (D:9)
  3 bullfrogs
  4 gnoll sergeants
  A scorpion (D:6)
  A two-headed ogre simulacrum (IceCv)
  2 water moccasin zombies (D:6)
  7 killer bees
  3 wights (D:8)
  3 howler monkeys
  2 nameless horrors
  5 lava snakes (Volcano)
  2 centaur zombies
  2 orc priests
  A gnoll shaman (D:9)
  5 hounds
  2 bullfrog skeletons
  Ijyb (D:5)
  3 iguanas
  7 orc wizards
  A polar bear simulacrum (IceCv)
  2 spriggan simulacra (IceCv)
  A troll simulacrum (IceCv)
  A wolf simulacrum (IceCv)
  2 human simulacra (D:10)
  A mummy (D:4)
  21 gnolls
  11 adders
  2 shadow imps
  7 white imps
  2 ufetubi
  4 adder zombies (Ossuary)
  4 worms
  A dart slug (D:4)
  24 orcs
  2 bats (D:2)
  13 endoplasms
  A giant cockroach (D:1)
  A gnoll zombie (Ossuary)
  6 goblins
  5 hobgoblins
  6 jackals
  14 kobolds
  2 quokkas
  6 ball pythons
  2 frilled lizards
  A goblin zombie (Ossuary)
  5 hobgoblin zombies (Ossuary)
  2 kobold zombies (Ossuary)
  A quokka skeleton (D:4)
  3 quokka zombies (Ossuary)
  7 rats
  2 rat zombies (Ossuary)
299 creatures vanquished.

Vanquished Creatures (others)
  Nessos (D:12)
  A boulder beetle (D:11)
  2 two-headed ogres (D:8)
  A sixfirhy (Gauntlet)
  A salamander mystic (Volcano)
  An ugly thing (D:10)
  A salamander (Volcano)
  A cane toad (Lair:2)
  A gargoyle (D:11)
  2 ice devils (IceCv)
  A tengu conjurer (D:11)
  A wyvern (Lair:2)
  The ghost of daodarkstar the Grave Robber, an amateur DsWn (D:3)
  A death yak simulacrum (IceCv)
  2 swamp worms (Gauntlet)
  An acid dragon (D:9)
  2 orc warriors
  A necrophage (D:7)
  An ogre (D:7)
  2 wolves (Lair:1)
  A centaur (D:6)
  A kobold brigand (D:11)
  A scorpion (D:6)
  2 killer bees (D:10)
  5 wights
  A bullfrog skeleton (D:7)
  3 mummies (Ossuary)
  4 gnolls
  3 naga simulacra (IceCv)
  An ufetubus (Gauntlet)
  4 orcs
  7 fungi
  7 plants
  2 withered plants (Lair:1)
67 creatures vanquished.

Grand Total: 369 creatures vanquished

Notes
Turn   | Place    | Note
-------+----------+-------------------------------------------
     0 | D:1      | Colgate the Felid Summoner began the quest for the Orb.
     0 | D:1      | Reached XP level 1. HP: 7/7 MP: 4/4
   407 | D:1      | Reached XP level 2. HP: 11/11 MP: 3/6
   523 | D:1      | Learned a level 2 spell: Call Imp
  1468 | D:2      | Reached skill level 5 in Summonings
  1468 | D:2      | Reached XP level 3. HP: 11/14 MP: 0/7
  1475 | D:2      | Learned a level 3 spell: Call Canine Familiar
  1819 | D:2      | Found a faded altar of an unknown god.
  1972 | D:2      | Reached XP level 4. HP: 18/18 MP: 8/8
  2450 | D:3      | Found a runed translucent gate.
  2450 | D:3      | Found a runed translucent gate.
  2450 | D:3      | Found a runed translucent gate.
  2582 | D:3      | Noticed daodarkstar's ghost (amateur DsWn)
  3119 | D:3      | Reached XP level 5. HP: 21/21 MP: 9/9
  3921 | D:3      | Reached skill level 1 in Hexes
  3925 | D:3      | Learned a level 3 spell: Summon Guardian Golem
  4253 | D:3      | Killed daodarkstar's ghost
  4254 | D:3      | Gained mutation: You are covered in thick fur. (AC +2)
                  | [Felid growth]
  4254 | D:3      | Reached XP level 6. HP: 24/24 MP: 13/13
  4378 | D:3      | Reached skill level 1 in Air Magic
  4817 | D:4      | Found a sand-covered staircase.
  4842 | Ossuary  | Entered an ossuary
  5053 | Ossuary  | Reached XP level 7. HP: 27/27 MP: 14/14
  6098 | D:5      | Entered Level 5 of the Dungeon
  6352 | D:5      | Noticed an unseen horror
  6372 | D:5      | Killed an unseen horror
  6373 | D:5      | Reached XP level 8. HP: 20/31 MP: 15/15
  6480 | D:5      | Noticed Ijyb
  6544 | D:5      | Killed Ijyb
  6837 | D:5      | Found an opulent altar of Gozag.
  6848 | D:5      | Became a worshipper of Gozag Ym Sagoz the Greedy
  7031 | D:5      | Found a shimmering altar of Xom.
  7464 | D:6      | Learned a level 4 spell: Summon Lightning Spire
  7996 | D:6      | Found a staircase to the Ecumenical Temple.
  8381 | D:6      | Found a runed translucent gate.
  8381 | D:6      | Found a runed translucent gate.
  8381 | D:6      | Found a runed translucent gate.
  8382 | D:6      | Noticed grizmgrazm2's ghost (amateur DEIE)
  9008 | D:6      | Killed grizmgrazm2's ghost
  9009 | D:6      | Reached XP level 9. HP: 34/34 MP: 16/16
  9391 | D:7      | Reached skill level 10 in Summonings
  9861 | D:7      | Reached skill level 1 in Fighting
  9973 | D:7      | Reached skill level 2 in Fighting
 10247 | D:7      | Noticed a boulder beetle
 10296 | D:7      | Killed by an exploding themself... ignited by their inner
                  | flame
 10297 | D:7      | Reached XP level 8. HP: -13/34 MP: 16/24
 10314 | D:7      | Reached skill level 3 in Fighting
 10446 | D:7      | Killed a boulder beetle
 10447 | D:7      | Reached skill level 5 in Fighting
 10447 | D:7      | Reached XP level 9. HP: 41/41 MP: 14/16
 11279 | D:8      | Found a bloodstained altar of Trog.
 11325 | D:8      | Noticed a two-headed ogre
 11337 | D:8      | Killed a two-headed ogre
 11363 | D:8      | Reached skill level 6 in Fighting
 11585 | D:8      | Reached skill level 7 in Fighting
 11603 | D:8      | Noticed Prince Ribbit
 11651 | D:8      | Killed Prince Ribbit
 11670 | D:8      | Got Zydost's Guide on the Bewitching Snowflakes
 11696 | D:8      | Reached XP level 10. HP: 48/48 MP: 17/17
 11731 | D:8      | Reached skill level 8 in Fighting
 12015 | D:8      | Noticed a two-headed ogre
 12031 | D:8      | Killed a two-headed ogre
 12032 | D:8      | Reached skill level 9 in Fighting
 12092 | D:8      | Found a staircase to the Lair.
 12887 | D:9      | Noticed a centaur warrior
 12903 | D:9      | Killed a centaur warrior
 12904 | D:9      | Reached skill level 5 in Hexes
 13795 | D:9      | Found a staircase to the Orcish Mines.
 14063 | D:9      | Found a staircase to the Orcish Mines.
 14728 | D:8      | Bought the Volume of Fetching Blows and Bruises for 544
                  | gold pieces
 14734 | D:8      | Learned a level 5 spell: Summon Mana Viper
 14771 | D:10     | Entered Level 10 of the Dungeon
 14805 | D:10     | Noticed a white ugly thing
 14826 | D:10     | Killed a white ugly thing
 14895 | D:10     | Noticed a gargoyle
 14907 | D:10     | Killed a gargoyle
 15190 | D:10     | Found Zefugro's Antique Armour Shop.
 15289 | D:10     | Learned a level 1 spell: Apportation
 15369 | D:10     | Reached skill level 5 in Spellcasting
 15375 | D:10     | Learned a level 4 spell: Anguish
 15964 | D:11     | Noticed a boulder beetle
 15979 | D:11     | Reached XP level 11. HP: 53/53 MP: 14/20
 15986 | D:11     | Killed a boulder beetle
 16018 | D:11     | Learned a level 3 spell: Swiftness
 16501 | D:11     | You fall into a shaft and drop 1 floor!
 16516 | D:12     | Noticed Nessos
 16517 | D:12     | HP: 2/53 [Nessos/arrow (11)]
 16518 | D:12     | Succumbed to Nessos's poison
 16519 | D:12     | Reached XP level 10. HP: -3/49 MP: 28/30
 16541 | D:12     | Noticed a two-headed ogre
 16550 | D:12     | Killed a two-headed ogre
 16575 | D:12     | Killed Nessos
 16635 | D:12     | Found a frozen archway.
 16645 | IceCv    | Entered an ice cave
 16741 | IceCv    | Noticed an ice statue
 16741 | IceCv    | Noticed an ice statue
 16763 | IceCv    | Killed an ice statue
 16821 | IceCv    | Killed an ice statue
 17059 | IceCv    | Reached XP level 11. HP: 53/53 MP: 22/25
 17136 | IceCv    | Noticed a reaper
 17151 | IceCv    | Killed a reaper
 20731 | D:12     | Noticed a boulder beetle
 20742 | D:12     | Killed a boulder beetle
 21450 | Lair:1   | Entered Level 1 of the Lair of Beasts
 21501 | Lair:1   | Reached skill level 10 in Translocations
 21508 | Lair:1   | Learned a level 6 spell: Dispersal
 21547 | Lair:1   | Found a dark tunnel.
 21558 | Volcano  | Entered a volcano
 21994 | Volcano  | HP: 2/53 [something (18)]
 22065 | Volcano  | Engulfed by a cloud of flame
 22066 | Volcano  | Reached XP level 10. HP: -7/49 MP: 33/33
 22503 | Volcano  | Found a bloodstained altar of Trog.
 22503 | Volcano  | Noticed a salamander
 22503 | Volcano  | Noticed a salamander
 22503 | Volcano  | Noticed a salamander mystic
 22503 | Volcano  | Noticed a salamander
 22511 | Volcano  | Killed a salamander
 22520 | Volcano  | Killed a salamander mystic
 22523 | Volcano  | Killed a salamander
 22527 | Volcano  | Killed a salamander
 22528 | Volcano  | Reached skill level 10 in Fighting
 22528 | Volcano  | Reached XP level 11. HP: 46/54 MP: 17/25
 22586 | Volcano  | Noticed a hell knight
 22595 | Volcano  | Killed a hell knight
 23254 | Lair:1   | Reached skill level 11 in Fighting
 23486 | Lair:1   | Reached skill level 10 in Dodging
 23510 | Lair:1   | Found a runed translucent gate.
 23510 | Lair:1   | Found a runed translucent gate.
 23511 | Lair:1   | Found a runed translucent gate.
 23513 | Lair:1   | Noticed DasRunzen's ghost (journeyman DjFE)
 23513 | Lair:1   | Noticed mfcas's ghost (journeyman OpFE)
 23687 | Lair:1   | Killed DasRunzen's ghost
 23742 | Lair:1   | Killed mfcas's ghost
 24636 | Lair:2   | Found a gate leading to a gauntlet.
 24659 | Gauntlet | Entered a Gauntlet
 24659 | Gauntlet | Found a transporter.
 24661 | Gauntlet | Noticed a sixfirhy
 24671 | Gauntlet | Found a transporter.
 24672 | Gauntlet | Found a transporter.
 24673 | Gauntlet | Found a transporter.
 24680 | Gauntlet | Found a transporter.
 24683 | Gauntlet | Found a transporter.
 24684 | Gauntlet | Found a transporter.
 24693 | Gauntlet | Found a transporter.
 24695 | Gauntlet | Found a transporter.
 24696 | Gauntlet | Found a transporter.
 24704 | Gauntlet | Found a transporter.
 24707 | Gauntlet | Found a transporter.
 24707 | Gauntlet | Noticed a cacodemon
 24709 | Gauntlet | Found a transporter.
 24710 | Gauntlet | Noticed a wretched star
 24716 | Gauntlet | Found a transporter.
 24837 | Gauntlet | Killed a sixfirhy
 24838 | Gauntlet | Reached skill level 12 in Fighting
 24943 | Gauntlet | Gained mutation: Your thick and shaggy fur keeps you warm.
                  | (AC +3, rC+) [Felid growth]
 24943 | Gauntlet | Reached XP level 12. HP: 56/61 MP: 26/26
 25027 | Gauntlet | Noticed a minotaur
 25050 | Gauntlet | Annihilated by a minotaur

Illustrated notes

Levels and vault maps discovered:
D:1:      matt_arrival_diagonals, layout_basic
D:2:      layout_basic, shapermc_ecumenical_altar_hornbeckon
D:3:      layout_loops_corners, ebering_ghost_rock_garden, minmay_between
D:4:      layout_loops_ring, gup_ossuary_entry_pyramid
D:5:      layout_basic, hangedman_feature_mirror, uniq_ijyb
D:6:      layout_layer_cave, temple_statues, ebering_ghost_rock_garden
D:7:      layout_loops_ring, kennysheep_generic_room_16
D:8:      layout_gridville, overflow_temple_1_default, david_lair_generic,
          worms_lemuel, uniq_prince_ribbit1
D:9:      layout_basic, orc_0_dummy
D:10:     layout_loops_cross, serial_shops, shop, bh_circular_ruins
D:11:     layout_grid_maze, kennysheep_path_1
D:12:     minmay_isolated_rectangles_in_corner, layout_gridville,
          portal_ice_cave_entry_pillars_2, uniq_nessos
Lair:1:   layout_long_grid, nicolae_volcano_entry_s_turn,
          gammafunk_ghost_cemetery, small_statue_intersection, lemuel_fruit_tree
Lair:2:   layout_cave_pods, gauntlet_entry_generic, nicolae_quartered_pool_super
Gauntlet: gammafunk_gauntlet_77_escape_option
          [minmay_gauntlet_arena_77_block_sizes,
          minmay_gauntlet_arena_77_hold_the_fort,
          minmay_gauntlet_arena_77_terracotta_army,
          minmay_gauntlet_arena_77_p_blocks, minmay_gauntlet_arena_77_mirror,
          dreamdust_gauntlet_exit_labyrinth]

Skill      XL: |  1  2  3  4  5  6  7  8  9 10 11 |
---------------+----------------------------------+-----
Summonings     | 5 6 9 10 | 10.0
Spellcasting   | 4 9 6 |  9.0
Hexes          | 1 8 |  8.3
Air Magic      | 3 6 |  6.2
Fighting       | 5 7 10 12 | 12.1
Dodging        | 3 7 10 | 10.1
Translocations | 2 10 | 10.0
Stealth        | |  2.6

Action                   |  1- 3 |  4- 6 |  7- 9 | 10-12 || total
-------------------------+-------+-------+-------+-------++-------
Melee: Unarmed           |       |     5 |    11 |     8 ||    24
       Bite              |       |     1 |     1 |       ||     2
       Punch             |       |       |     1 |       ||     1
 Cast: Summon Small Mamm |    34 |     1 |       |       ||    35
       Call Imp          |    12 |     5 |     4 |    11 ||    32
       Call Canine Famil |     3 |    35 |    54 |    18 ||   110
       Summon Guardian G |       |     6 |    47 |    81 ||   134
       Summon Lightning  |       |       |    23 |   109 ||   132
       Summon Mana Viper |       |       |       |    80 ||    80
       Anguish           |       |       |       |    24 ||    24
       Apportation       |       |       |       |     1 ||     1
       Swiftness         |       |       |       |     1 ||     1
       Dispersal         |       |       |       |     2 ||     2
Invok: Call Merchant     |       |       |       |     1 ||     1
  Use: Scroll            |       |     6 |     7 |     7 ||    20
       Potion            |       |       |       |     1 ||     1
 Stab: Sleeping          |       |     1 |       |       ||     1
       Distracted        |       |       |     1 |       ||     1
Armor: Skin              |     7 |     6 |     4 |     3 ||    20
Dodge: Dodged            |    35 |    25 |    40 |    80 ||   180
